 Dungeon Sprint DCSS version 0.28-a0-511-gcc94558de3 (webtiles) character file.

Game seed: 6417187518227215472

3100000 Patoropollo the Intangible (level 20, -6/181 HPs)
             Began as a Djinni Warper on Sept 22, 2021.
             Was the Champion of Makhleb.
             Mangled by a large bag of meat (108 damage)
             ... in the Dungeon (Sprint VIII: "Arena of Blood").
             The game lasted 00:02:05 (31 turns).

Patoropollo the Intangible (Djinni Warper)            Turns: 31, Time: 00:02:06

Health: -6/181     AC:  6    Str: 10    XL:     20   Next: 18%
Gold:   0          EV: 27    Int: 21    God:    Makhleb [******] SH:  0 Dex: 16

rFire   + + .      SeeInvis .   i - +∞ Axe of Woe
rCold   x . .      Faith    .   (shield currently unavailable)
rNeg    . . .      Spirit   .   b - +0 leather armour
rPois   ∞          Reflect  .   (no helmet)
rElec   .          Harm     .   (no cloak)
rCorr   .          Rampage  .   (no gloves)
Will    ++...      NoTele   +   (boots unavailable)
Stlth   +.........              (no amulet)
HPRegen 0.40/turn               (no ring)
MPRegen 0.00/turn               (no ring)

@: flying
A: sickness immunity, fire resistance 2, cold vulnerability 1, float, innate
caster, hp casting, extra vitality 1
a: Renounce Religion, Minor Destruction, Lesser Servant of Makhleb, Major
Destruction, Greater Servant of Makhleb


You were in the Dungeon.
You worshipped Makhleb.
Makhleb was exalted by your worship.
You visited 1 branch

Inventory:

Hand Weapons
 a - a +0 hand axe
 i - the +∞ Axe of Woe (weapon)
   (You found it in the Dungeon)
Missiles
 d - 5 boomerangs of dispersal
Armour
 b - a +0 leather armour (worn)
Scrolls
 c - 2 scrolls of blinking
Potions
 e - a potion of curing
 f - a potion of heal wounds
 g - a potion of haste
 h - a potion of berserk rage


   Skills:
 O Level 27 Fighting
 + Level 23.6 Axes
 + Level 23.6 Throwing
 O Level 27 Armour
 O Level 27 Dodging
 + Level 21.9 Spellcasting


You had 10 spell levels left.
You knew the following spells:

 Your Spells              Type           Power      Damage    Failure   Level
a - Blink                 Tloc           N/A        N/A       0%          2
b - Lesser Beckoning      Tloc           86%        N/A       0%          3
c - Gell's Gravitas       Tloc           43%        N/A       0%          3
d - Teleport Other        Tloc           86%        N/A       0%          3
e - Manifold Assault      Tloc           86%        N/A       0%          5
f - Sandblast             Erth           100%       2d20      0%          1
g - Poisonous Vapours     Pois/Air       100%       N/A       0%          2
h - Call Canine Familiar  Summ           86%        N/A       0%          3
i - Stone Arrow           Conj/Erth      100%       3d13      0%          3
j - Dispel Undead         Necr           86%        3d28      0%          4
k - Fireball              Conj/Fire      43%        3d17      0%          5
l - Summon Cactus Giant   Summ           43%        N/A       1%          6
m - Dispersal             Tloc           43%        N/A       1%          6
n - Death Channel         Necr           43%        N/A       1%          6
Your spell library was empty.

Dungeon Overview and Level Annotations

Branches:
Dungeon (1/1)

Altars:
Makhleb


Innate Abilities, Weirdness & Mutations

You are immune to sickness and miasma.
You are immune to poison.
Your flesh is very heat resistant. (rF++)
You are vulnerable to cold. (rC-)
You float through the air rather than walking.
You learn spells naturally, not from books.
Your magical power is your life essence.
You have superior vitality. (+4 HP)


Message History

Makhleb accepts your kill.
You slash the meat berserker!
You hew the meat berserker savagely.
You kill the meat berserker!
Makhleb accepts your kill.
You hear a shout!
The destroyer points at you and mumbles some strange words.
The destroyer blinks!
You hear a shout! x5
A bag of meat comes into view. It is wielding a +9 war axe.
You have mastered Fighting!
Your Axes skill increases to level 23!
Your Throwing skill increases to level 23!
You have mastered Armour!
Your Spellcasting skill increases to level 21!
You have reached level 20!
You feel agile.
Unknown command.
Unknown command.
Unknown command. 2 orcs, an ogre and a skeletal warrior come into view.
The bag of meat shouts! x2; You hear a shout! x4
The meat berserker rages.
A meat berserker comes into view. It is wielding a +9 battleaxe.
The bag of meat hits you with a +9 war axe!
The destroyer casts a spell at you.
The destroyer blinks!
You hear a shout! x3
A bag of meat comes into view. It is wielding a +9 war axe.
You hear a shout! x3
The meat berserker moves out of view.
You hear two shouts!
Unknown command.
Unknown command.
An ogre and 2 vampire knights come into view.
A destroyer is wielding a +9 vorpal great sword.
A destroyer is wielding a +9 vorpal great sword.
The destroyer shouts!
You hear a shout!
A meat berserker comes into view. It is wielding a +9 battleaxe.
The large bag of meat hits you with a +9 giant spiked club!!!
The large bag of meat hits you with a +9 giant spiked club!!!!
Ouch! That really hurt!
You die... ...#..).)#....o.. oo.#_.☼☼§#..o.... .o.#...)○#......# ......§§§)....... ..O...###..O...oo. .###V....))###.... #....O))# V.o

..#..§...o#.O.V
......o@O.....O
.......z....O.#
.............#..
...........##o..
.#......Oo#.....
..z.......#...##
##O#....... ...
........... ..


You could see 3 destroyers, 2 sculptors of flesh, 3 large bags of meat, 6 meat
berserkers and 8 bags of meat.

Vanquished Creatures
  7 ogres (D)
  A two-headed ogre (D)
  20 orcs (D)
28 creatures vanquished.

Notes
Turn   | Place    | Note
-------+----------+-------------------------------------------
     0 | D        | Found the +∞ Axe of Woe
     0 | D        | Patoropollo the Djinni Warper began the quest for the Orb.
     0 | D        | Reached XP level 1. HP: 18/18 MP: 0/0
     1 | D        | Noticed a bag of meat
     1 | D        | Noticed a bag of meat
     3 | D        | Became a worshipper of Makhleb the Destroyer
     6 | D        | Killed a bag of meat
     6 | D        | Noticed a bag of meat
     7 | D        | Reached XP level 2. HP: 37/37 MP: 0/0
     7 | D        | Reached XP level 3. HP: 42/42 MP: 0/0
     7 | D        | Learned a level 1 spell: Sandblast
     7 | D        | Reached XP level 4. HP: 49/49 MP: 0/0
     7 | D        | Reached XP level 5. HP: 53/53 MP: 0/0
     7 | D        | Learned a level 2 spell: Poisonous Vapours
     7 | D        | Reached XP level 6. HP: 59/59 MP: 0/0
     7 | D        | Reached XP level 7. HP: 65/65 MP: 0/0
     7 | D        | Learned a level 3 spell: Call Canine Familiar
     7 | D        | Reached XP level 8. HP: 71/71 MP: 0/0
     7 | D        | Reached XP level 9. HP: 76/76 MP: 0/0
     7 | D        | Learned a level 3 spell: Stone Arrow
     7 | D        | Reached XP level 10. HP: 82/82 MP: 0/0
     7 | D        | Reached XP level 11. HP: 87/87 MP: 0/0
     7 | D        | Learned a level 4 spell: Dispel Undead
     7 | D        | Noticed a bag of meat
     7 | D        | Noticed a meat berserker
     7 | D        | Noticed a bag of meat
     7 | D        | Noticed a bag of meat
     8 | D        | Noticed a bag of meat
     8 | D        | Noticed a bag of meat
     9 | D        | Killed a bag of meat
     9 | D        | Reached * piety under Makhleb
     9 | D        | Noticed a bag of meat
     9 | D        | Noticed a bag of meat
    10 | D        | Reached skill level 10 in Axes
    10 | D        | Reached skill level 10 in Throwing
    10 | D        | Reached skill level 10 in Spellcasting
    10 | D        | Reached XP level 12. HP: 89/96 MP: 0/0
    10 | D        | Killed a meat berserker
    10 | D        | Noticed a bag of meat
    11 | D        | Reached XP level 13. HP: 98/106 MP: 0/0
    11 | D        | Learned a level 5 spell: Fireball
    11 | D        | Killed a bag of meat
    11 | D        | Noticed a bag of meat
    11 | D        | Noticed a bag of meat
    12 | D        | Reached skill level 15 in Fighting
    12 | D        | Reached skill level 15 in Armour
    12 | D        | Reached XP level 14. HP: 93/114 MP: 0/0
    12 | D        | Reached ** piety under Makhleb
    13 | D        | Reached *** piety under Makhleb
    13 | D        | Noticed a meat berserker
    14 | D        | Reached skill level 15 in Axes
    14 | D        | Reached skill level 15 in Throwing
    14 | D        | Reached XP level 15. HP: 125/125 MP: 0/0
    14 | D        | Learned a level 6 spell: Summon Cactus Giant
    14 | D        | Noticed a large bag of meat
    15 | D        | Noticed a meat berserker
    16 | D        | Noticed a meat berserker
    17 | D        | Reached skill level 15 in Spellcasting
    17 | D        | Reached XP level 16. HP: 135/135 MP: 0/0
    17 | D        | Killed a meat berserker
    17 | D        | Reached **** piety under Makhleb
    18 | D        | Killed a meat berserker
    18 | D        | Reached ***** piety under Makhleb
    19 | D        | Reached XP level 17. HP: 124/148 MP: 0/0
    19 | D        | Learned a level 6 spell: Dispersal
    20 | D        | Reached XP level 18. HP: 148/157 MP: 0/0
    22 | D        | Killed a large bag of meat
    22 | D        | Reached ****** piety under Makhleb
    23 | D        | Reached skill level 27 in Dodging
    23 | D        | Reached XP level 19. HP: 152/169 MP: 0/0
    23 | D        | Learned a level 6 spell: Death Channel
    23 | D        | Noticed a large bag of meat
    25 | D        | Noticed a destroyer
    26 | D        | Noticed a large bag of meat
    29 | D        | Noticed a large bag of meat
    30 | D        | Reached skill level 27 in Fighting
    30 | D        | Reached skill level 27 in Armour
    30 | D        | Reached XP level 20. HP: 181/181 MP: 0/0
    31 | D        | Noticed a destroyer
    31 | D        | Noticed a destroyer
    31 | D        | Mangled by a large bag of meat

Illustrated notes

Levels and vault maps discovered:
D:        meatsprint

Skill      XL: |  1  2  3  4  5  6  7  8  9 10 11 12 13 14 15 16 17 18 19 |
---------------+----------------------------------------------------------+-----
Fighting       | 11 12 14 15 17 19 22 25 27 | 27.0
Axes           | 9 10 12 13 15 16 18 19 21 23 | 23.6
Throwing       | 9 10 12 13 15 16 19 21 23 | 23.6
Armour         | 11 12 14 15 17 19 22 25 27 | 27.0
Dodging        | 12 13 16 19 20 23 24 27 | 27.0
Spellcasting   | 8 10 11 12 14 15 17 18 20 21 | 21.9

Action                   |  1- 3 |  4- 6 |  7- 9 | 10-12 | 13-15 | 16-18 | 19-21 || total
-------------------------+-------+-------+-------+-------+-------+-------+-------++-------
Melee: Executioner's axe |     1 |       |       |     2 |     5 |    10 |     2 ||    20
 Cast: Manifold Assault  |       |       |       |       |       |     2 |       ||     2
Dodge: Dodged            |       |       |       |     1 |     1 |       |     1 ||     3

Table legend: (Time is in decaauts)
 A = Elapsed time spent in this place.
 B = Non-inter-level travel time spent in this place.
 C = Inter-level travel time spent in this place.
 D = Time resting spent in this place.
 E = Time spent auto-exploring this place.
 F = Levels seen in this place.
 G = Mean time per level.
                   A        B        C        D        E       F      G
               +--------+--------+--------+--------+--------+-----+--------+
         Total |     32 |     32 |      0 |      0 |      0 |   1 |   32.0 |
       Dungeon |     32 |     32 |      0 |      0 |      0 |   1 |   32.0 |
               +--------+--------+--------+--------+--------+-----+--------+

Top non-repeatable levels by time:
       D: 32 daAuts
